Map: [ESL] Goldenaura

Players

Strange

  • Race: Protoss Protoss
  • Spawn Location: 12:00

SKillous - Winner!

  • Race: Protoss Protoss
  • Spawn Location: 5:00

Event: ESL SC2 Masters 2024 Spring (Regional)

VOD

Have the link to the VOD?

Description

Time

  • Played on: April 21, 2024, 11:45 a.m.
  • Length: 10:05

All games in this series

Show
View Real Time Build Order
Export as new Build Order

Strange Protoss 

Build Orders: Chargelot Immortal 

Get SALT Encoding   

  12  0:00  Probe  
  13  0:12  Probe  
  14  0:17  Pylon  
  14  0:24  Probe (Chrono Boost)  
  15  0:36  Probe (Chrono Boost)  
  15  0:37  Gateway  
  16  0:44  Probe (Chrono Boost)  
  16  0:46  Assimilator  
  17  0:51  Probe  
  17  0:55  Assimilator  
  18  1:03  Probe (Chrono Boost)  
  19  1:07  Gateway  
  19  1:12  Probe (Chrono Boost)  
  19  1:17  Probe (Chrono Boost)  
  20  1:24  Cybernetics Core  
  21  1:29  Probe  
  22  1:35  Pylon  
  22  1:41  Probe  
  23  1:53  Probe  
  24  2:00  Adept x2  
  24  2:01  Warp Gate  
  28  2:06  Probe  
  29  2:11  Pylon  
  29  2:18  Probe  
  30  2:30  Sentry x2  
  34  2:42  Robotics Facility  
  33  2:54  Probe  
  34  3:06  Probe  
  34  3:07  Shield Battery  
  34  3:12  Pylon  
  35  3:15  Pylon  
  36  3:27  Immortal (Chrono Boost)  
  39  3:34  Nexus  
  39  3:42  Probe  
  40  3:50  Sentry  
  40  3:55  Probe  
  43  3:56  Warp Prism (Chrono Boost)  
  45  4:07  Forge, Probe  
  46  4:19  Observer (Chrono Boost), Probe  
  48  4:30  Sentry, Stalker  
  53  4:31  Probe  
  53  4:42  Protoss Ground Weapons Level 1  
  53  4:43  Probe  
  52  4:50  Probe  
  52  4:55  Probe  
  52  4:58  Stalker  
  55  5:02  Probe  
  56  5:07  Probe  
  56  5:11  Zealot  
  55  5:19  Probe  
  55  5:20  Probe  
  57  5:27  Twilight Council  
  57  5:30  Stalker  
  57  5:32  Probe  
  57  5:40  Probe  
  58  5:44  Probe  
  59  5:52  Probe  
  59  5:55  Nexus  
  59  5:56  Probe  
  61  5:57  Pylon  
  61  6:03  Immortal (Chrono Boost)  
  61  6:04  Probe  
  66  6:11  Sentry  
  66  6:12  Stalker  
  62  6:26  Probe  
  62  6:29  Assimilator  
  62  6:32  Immortal (Chrono Boost)  
  67  6:35  Adept x2  
  69  6:44  Probe  
  69  6:45  Probe  
  70  6:47  Pylon  
  70  6:48  Assimilator  
  67  6:55  Observer  
  67  6:56  Probe  
  62  7:05  Zealot, Immortal, Stalker  
  71  7:09  Probe (Chrono Boost)  
  71  7:10  Probe (Chrono Boost)  
  72  7:17  Charge (Chrono Boost)  
  72  7:19  Probe (Chrono Boost)  
  72  7:22  Nexus, Probe (Chrono Boost)  
  74  7:24  Pylon, Probe (Chrono Boost)  
  74  7:28  Protoss Ground Weapons Level 2 (Chrono Boost)  
  75  7:35  Probe  
  76  7:41  Probe  
  77  7:49  Probe  
  78  7:53  Probe  
  78  7:54  Warp Prism  
  81  8:01  Probe  
  81  8:03  Pylon  
  81  8:05  Probe  
  83  8:07  Shield Battery  
  83  8:13  Probe  
  83  8:17  Probe  
  85  8:22  Gateway  
  85  8:23  Gateway  
  85  8:25  Probe  
  86  8:28  Pylon  
  86  8:29  Probe  
  87  8:34  Templar Archives  
  87  8:36  Probe  
  87  8:37  Probe  
  89  8:41  Probe  
  89  8:46  Gateway  
  89  8:48  Probe, Gateway  
  90  8:50  Pylon  
  90  8:51  Pylon  
  90  8:52  Probe  
  92  8:57  Assimilator  
  92  8:59  Assimilator  
  92  9:03  Gateway  
  92  9:04  Gateway  
  92  9:07  Pylon  
  92  9:09  Shield Battery  
  92  9:11  High Templar x2  
  92  9:16  Archon  
  96  9:17  Zealot  
  96  9:22  Pylon  
  97  9:24  Zealot  
  98  9:38  Zealot  
  76  9:42  Zealot  
  76  9:43  Zealot  
  76  9:44  Zealot  
  70  9:52  Zealot x2  
Show
View Real Time Build Order
Export as new Build Order

SKillous Protoss - Winner!

Build Orders: Chargelot Immortal 

Get SALT Encoding   

  12  0:00  Probe  
  13  0:12  Probe  
  14  0:17  Pylon  
  14  0:24  Probe (Chrono Boost)  
  15  0:36  Probe (Chrono Boost), Gateway  
  16  0:44  Probe (Chrono Boost)  
  16  0:46  Assimilator  
  17  0:50  Probe  
  18  1:02  Probe (Chrono Boost)  
  18  1:04  Assimilator  
  19  1:08  Gateway  
  20  1:12  Probe (Chrono Boost)  
  20  1:17  Probe (Chrono Boost)  
  20  1:25  Cybernetics Core  
  21  1:29  Probe  
  22  1:35  Pylon  
  22  1:41  Probe  
  23  1:53  Probe  
  24  2:01  Warp Gate, Adept x2  
  28  2:05  Probe  
  29  2:10  Pylon  
  29  2:20  Probe  
  29  2:21  Pylon  
  30  2:24  Shield Battery  
  30  2:31  Sentry x2  
  30  2:32  Probe  
  35  2:47  Robotics Facility  
  35  2:57  Cybernetics Core  
  35  2:58  Probe  
  35  3:01  Sentry  
  37  3:19  Nexus  
  38  3:29  Pylon  
  38  3:31  Warp Prism (Chrono Boost)  
  39  3:45  Shield Battery  
  39  3:47  Probe  
  40  3:54  Pylon  
  40  3:59  Probe  
  41  4:03  Immortal (Chrono Boost)  
  45  4:11  Probe  
  46  4:18  Twilight Council  
  46  4:23  Probe  
  47  4:36  Immortal (Chrono Boost)  
  51  4:49  Probe x2  
  51  4:52  Blink (Chrono Boost)  
  53  5:01  Stalker x2, Probe  
  58  5:17  Probe  
  58  5:19  Probe  
  63  5:28  Immortal (Chrono Boost)  
  63  5:38  Probe x2  
  65  5:50  Probe  
  65  5:52  Pylon  
  65  5:54  Stalker x2  
  70  6:06  Nexus  
  70  6:07  Observer  
  70  6:10  Probe  
  72  6:24  Sentry  
  72  6:25  Sentry  
  72  6:26  Probe (Chrono Boost)  
  72  6:28  Forge  
  73  6:36  Probe (Chrono Boost)  
  73  6:38  Probe (Chrono Boost)  
  75  6:43  Probe  
  76  6:49  Gateway  
  76  6:51  Gateway  
  76  6:52  Gateway  
  76  6:58  Immortal (Chrono Boost), Gateway  
  72  7:01  Gateway  
  72  7:02  Probe  
  72  7:03  Probe  
  74  7:11  Shield Battery  
  74  7:14  Probe  
  74  7:15  Charge, Probe  
  76  7:17  Gateway  
  76  7:20  Pylon  
  76  7:21  Protoss Ground Weapons Level 1 (Chrono Boost)  
  76  7:23  Probe  
  76  7:26  Probe  
  78  7:30  Warp Prism (Chrono Boost)  
  78  7:35  Probe x2  
  82  7:40  Probe  
  83  7:48  Zealot x3  
  83  7:49  Zealot x2  
  93  7:54  Pylon  
  93  7:56  Zealot x2  
  97  8:02  Probe x2  
  99  8:07  Templar Archives  
  99  8:09  Zealot  
  101  8:13  Pylon  
  101  8:15  Pylon  
  101  8:26  Probe  
  102  8:29  Zealot x3  
  102  8:33  Pylon  
  108  8:35  Nexus  
  108  8:37  Pylon  
  108  8:42  Zealot x4  
  116  8:50  Zealot  
  116  8:51  Zealot  
  116  8:52  High Templar  
  122  9:00  High Templar, Gateway  
  122  9:01  Warp Prism (Chrono Boost)  
  122  9:02  Gateway  
  124  9:04  Archon  
  126  9:12  Zealot x4  
  134  9:21  Zealot x2  
  138  9:26  Zealot  
  138  9:36  Zealot  
  138  9:37  Zealot x4  
  134  9:41  Probe  
  123  9:47  Zealot x3  
  115  9:54  Zealot  
Tags
 
Add a new tag
Caveats
  • Supply blocks, unpowered buildings, or Contaminate may cause inaccurate times.
  • Supply counts are checked every 10 seconds.